 Dungeon Crawl Stone Soup version 0.31-a0-344-gd109795599 (webtiles) character file.

Game seed: 4673510788584370779

1741479 KimchiStew the Slayer (level 26, 222/222 HPs)
             Began as a Mummy Monk on July 21, 2023.
             Was a High Priest of Okawaru.
             Escaped with the Orb
             ... and 3 runes!
             The game lasted 01:56:03 (63816 turns).

KimchiStew the Slayer (Mummy Monk)                 Turns: 63816, Time: 01:56:04

Health: 222/222    AC: 43    Str: 27 (29) XL:     26   Next: 46%
Magic:  32/32      EV:  4    Int: 15      God:    Okawaru [*****.]
Gold:   4595       SH: 32    Dex: 10 (19) Spells: 25/25 levels left

rFire   + + +        E - +9 broad axe (vamp)
rCold   + + .        L - +18 shield of the Gong {Loud rN+ Will+ rCorr EV-5}
rNeg    + + +        O - +7 gold dragon scales of Ekayvica {+Blink rPois rF+ rC+ rCorr Dex+4}
rPois   ∞            u - +0 helmet "Ninakiach" {rElec Regen+ MP+9 Str-2}
rElec   +            j - +2 cloak
rCorr   +            g - +2 pair of gloves
SInv    +            x - +2 pair of boots of the Morning {rElec Regen+ MP-9 Str+6}
Will    ++++.        D - amulet of regeneration Stlth
                     U - ring "Vaimmafaje" {Wiz rF++ rN+}
HPRegen 2.97/turn    R - ring of the Robin {rPois rF+ rCorr Int+5 SInv}
MPRegen 0.23/turn

%: faith, wizardry (x1)
@: no status effects
A: cold resistance 1, negative energy resistance 3, torment resistance 2, heat
vulnerability 1, in touch with death 2, no potions, faith
0: Orb of Zot
}: 3/15 runes: serpentine, barnacled, silver
a: Renounce Religion, Evoke Blink, Heroism, Finesse, Duel


You escaped.
You worshipped Okawaru.
Okawaru was extremely pleased with you.
You visited 10 branches of the dungeon, and saw 48 of its levels.
You visited 2 bazaars.
You also visited: Trove, Bailey and Ice Cave.

You collected 8034 gold pieces.
You spent 3439 gold pieces at shops.

Inventory:

Hand Weapons
 m - a +7 broad axe of electrocution
 E - a +9 vampiric broad axe (weapon)
 K - the +8 eveningstar of the Ring {heavy, Will+}
   (You bought it in a shop in a bazaar)

   Will:      It increases your willpower.
Missiles
 f - 27 javelins
 n - 64 poisoned darts
 o - 11 boomerangs
 q - 12 curare-tipped darts
 t - 12 throwing nets
 Q - a silver boomerang
 V - 26 silver javelins (quivered)
Armour
 b - a +1 pair of boots
 g - a +2 pair of gloves (worn)
 j - a +2 cloak (worn)
 u - the +0 helmet "Ninakiach" (worn) {rElec Regen+ MP+9 Str-2}
   (Okawaru gifted it to you on level 5 of the Lair of Beasts)

   Str:       It affects your strength (-2).
   rElec:     It insulates you from electricity.
   MP:        It affects your magic capacity (+9).
   Regen:     It increases your rate of health regeneration.
 x - the +2 pair of boots of the Morning (worn) {rElec Regen+ MP-9 Str+6}
   (Okawaru gifted it to you on level 5 of the Vaults)

   Str:       It affects your strength (+6).
   rElec:     It insulates you from electricity.
   MP:        It affects your magic capacity (-9).
   Regen:     It increases your rate of health regeneration.
 C - the +4 kite shield "Repririps" {rElec rCorr Dex+2 Slay+2}
   (Okawaru gifted it to you on level 4 of the Shoals)

   Dex:       It affects your dexterity (+2).
   Slay:      It affects your accuracy & damage with ranged weapons and melee
   (+2).
   rElec:     It insulates you from electricity.
   rCorr:     It protects you from acid and corrosion.
 L - the +18 shield of the Gong (worn) {Loud rN+ Will+ rCorr EV-5}
   (Okawaru gifted it to you on level 1 of the Elven Halls)

   Loud:      It is deafeningly noisy when blocking attacks.
   EV:        It affects your evasion (-5).
   rN:        It protects you from negative energy.
   rCorr:     It protects you from acid and corrosion.
   Will:      It increases your willpower.
 O - the +7 gold dragon scales of Ekayvica (worn) {+Blink rPois rF+ rC+ rCorr Dex+4}
   (Okawaru gifted it to you on level 2 of the Elven Halls)

   Dex:       It affects your dexterity (+4).
   rF:        It protects you from fire.
   rC:        It protects you from cold.
   rPois:     It protects you from poison.
   +Blink:    It lets you blink.
   rCorr:     It protects you from acid and corrosion.
Magical Staves
 d - a staff of death
Jewellery
 c - the ring "Rufeo" {rPois rC+ rN+ SInv}
   (You found it on level 4 of the Shoals)

   [ring of poison resistance]

   rC:        It protects you from cold.
   rPois:     It protects you from poison.
   rN:        It protects you from negative energy.
   SInv:      It lets you see invisible.
 B - an amulet of the acrobat
 D - an amulet of regeneration (around neck)
 N - the ring of Poposy {Ice rElec Str-5 Int+8 Stlth+}
   (You took it off Josephina on level 3 of the Realm of Zot)

   [ring of ice]

   It enhances your ice magic.
   Str:       It affects your strength (-5).
   Int:       It affects your intelligence (+8).
   rF:        It makes you vulnerable to fire.
   rC:        It protects you from cold.
   rElec:     It insulates you from electricity.
   Stlth:     It makes you more stealthy.
 R - the ring of the Robin (right hand) {rPois rF+ rCorr Int+5 SInv}
   (You found it in a treasure trove)

   [ring of see invisible]

   Int:       It affects your intelligence (+5).
   rF:        It protects you from fire.
   rPois:     It protects you from poison.
   SInv:      It lets you see invisible.
   rCorr:     It protects you from acid and corrosion.
 U - the ring "Vaimmafaje" (left hand) {Wiz rF++ rN+}
   (You found it in a treasure trove)

   [ring of wizardry]

   It improves your spell success rate.
   rF:        It greatly protects you from fire.
   rN:        It protects you from negative energy.
Wands
 l - a wand of flame (64)
 r - a wand of mindburst (30)
 s - a wand of roots (34)
 v - a wand of digging (12)
 z - a wand of polymorph (22)
 J - a wand of paralysis (53)
 P - a wand of quicksilver (24)
Scrolls
 a - a scroll of blinking
 e - 36 scrolls of identify
 h - 7 scrolls of amnesia
 i - 10 scrolls of teleportation
 k - a scroll of torment
 p - 3 scrolls of fear
 w - 3 scrolls of fog
 y - 9 scrolls of enchant armour
 A - 4 scrolls of vulnerability
 F - 4 scrolls of revelation
 G - a scroll of silence
 H - 2 scrolls of poison
Miscellaneous
 I - a lightning rod (4/4)
 M - a phial of floods


   Skills:
 - Level 21.0 Fighting
 - Level 15.8(18.0) Axes
 - Level 14.2(17.2) Maces & Flails
 - Level 11.0 Throwing
 + Level 20.6 Armour
 - Level 8.0 Dodging
 - Level 2.0 Stealth
 + Level 19.0 Shields
 - Level 12.0 Invocations
 - Level 9.0 Evocations


You had 25 spell levels left.
You didn't know any spells.
Your spell library contained the following spells:

 Spells                   Type           Power      Damage    Failure   Level
 Foxfire                  Conj/Fire      0%         2x1d4     82%         1
 Magic Dart               Conj           0%         1d3       82%         1
 Necrotise                Necr           0%         1d4       82%         1
 Sandblast                Erth           0%         2d4       82%         1
 Shock                    Conj/Air       0%         1d3       82%         1
 Slow                     Hex            0%         N/A       82%         1
 Blink                    Tloc           0%         N/A       91%         2
 Cigotuvi's Dreadful Rot  Necr/Pois/Air  0%         N/A       91%         2
 Lesser Beckoning         Tloc           0%         N/A       91%         2
 Momentum Strike          Conj/Tloc      0%         3d8       91%         2
 Passwall                 Tmut/Erth      0%         N/A       91%         2
 Poisonous Vapours        Pois/Air       0%         N/A       91%         2
 Searing Ray              Conj           0%         2d4       91%         2
 Dazzling Flash           Conj/Hex       0%         N/A       99%         3
 Gell's Gravitas          Tloc           0%         N/A       99%         3
 Inner Flame              Hex/Fire       0%         N/A       99%         3
 Mephitic Cloud           Conj/Pois/Air  0%         N/A       99%         3
 Ozocubu's Armour         Ice            0%         N/A       99%         3
 Portal Projectile        Hex/Tloc       0%         N/A       99%         3
 Stone Arrow              Conj/Erth      0%         3d7       99%         3
 Swiftness                Air            0%         N/A       99%         3
 Teleport Other           Tloc           0%         N/A       99%         3
 Vhi's Electric Charge    Tloc/Air       0%         N/A       99%         3
 Volatile Blastmotes      Fire/Tloc      0%         2d10      99%         3
 Airstrike                Air            0%         2d(0-16)  100%        4
 Anguish                  Hex/Necr       0%         N/A       100%        4
 Cause Fear               Hex            0%         N/A       100%        4
 Dispel Undead            Necr           0%         3d6       100%        4
 Fulminant Prism          Conj/Hex       0%         3d5       100%        4
 Iskenderun's Mystic Bla  Conj/Tloc      0%         2d3       100%        4
 Leda's Liquefaction      Hex/Erth       0%         N/A       100%        4
 Manifold Assault         Tloc           0%         N/A       100%        4
 Passage of Golubria      Tloc           0%         N/A       100%        4
 Arcjolt                  Conj/Air       0%         1d10      100%        5
 Borgnjor's Vile Clutch   Necr/Erth      0%         N/A       100%        5
 Fireball                 Conj/Fire      0%         3d3       100%        5
 Freezing Cloud           Conj/Ice/Air   0%         6-21      100%        5
 Lee's Rapid Deconstruct  Erth           0%         3d4*      100%        5
 Metabolic Englaciation   Hex/Ice        0%         N/A       100%        5
 Silence                  Hex/Air        0%         N/A       100%        5
 Yara's Violent Unravell  Hex/Tmut       0%         3d3       100%        5
 Conjure Ball Lightning   Conj/Air       0%         3x3d6     100%        6
 Dispersal                Tloc           0%         N/A       100%        6
 Leda's Unmaking          Conj/Erth      0%         9d1       100%        6
 Plasma Beam              Fire/Air       0%         2x1d10    100%        6
 Starburst                Conj/Fire      0%         6d3       100%        6
 Enfeeble                 Hex            0%         N/A       100%        7
 Ozocubu's Refrigeration  Ice            0%         4d7       100%        7
 Discord                  Hex            0%         N/A       100%        8
 Disjunction              Tloc           0%         N/A       100%        8
 Polar Vortex             Ice            0%         N/A       100%        9
 Call Canine Familiar     Summ           Unusable   N/A       N/A         3
 Animate Armour           Summ/Erth      Unusable   N/A       N/A         4
 Summon Lightning Spire   Summ/Air       Unusable   N/A       N/A         4
 Death Channel            Necr           Unusable   N/A       N/A         6
 Simulacrum               Ice/Necr       Unusable   N/A       N/A         6
 Malign Gateway           Summ/Tloc      Unusable   N/A       N/A         7
 Monstrous Menagerie      Summ           Unusable   N/A       N/A         7
 Infestation              Necr           Unusable   N/A       N/A         8
 Death's Door             Necr           Unusable   N/A       N/A         9
 Dragon's Call            Summ           Unusable   N/A       N/A         9

Dungeon Overview and Level Annotations

Branches:
Dungeon (15/15)            Temple (1/1) D:7            Lair (5/5) D:10
 Shoals (4/4) Lair:2        Snake (4/4) Lair:2        Slime (0/5) Lair:5
    Orc (2/2) D:12            Elf (3/3) Orc:2        Vaults (5/5) D:13
  Crypt (0/3) Vaults:3     Depths (4/4) D:15            Zot (5/5) Depths:4
 Bailey (visited)           IceCv (visited)

Altars:
Ashenzari
Cheibriados
Dithmenos
Fedhas
Gozag
Hepliaklqana
Kikubaaqudgha
Makhleb
Nemelex Xobeh
Okawaru
Qazlal
Ru
Sif Muna
Trog
Uskayaw
Vehumet
Wu Jian
Xom
Yredelemnul
Jiyva

Shops:
D:5 *   Orc:2 =(*[   Elf:1 *   Elf:2 [?=   Shoals:1 [   Shoals:2 !
Shoals:3 ([!(   Vaults:3 (   Vaults:5 ?[!!!*[?   Zot:3 *   Depths:3 :
Depths:4 :

Portals:
Hell: Depths:1 Depths:2 Depths:3 Depths:4
Abyss: Depths:1 Depths:3
Pandemonium: Depths:1 Depths:2 Depths:3
Ziggurat: Depths:1

Annotations:
D:6 1 runed translucent door, KineticRobot's ghost, novice MfSh
D:12 3 runed translucent doors, Lernaean hydra
Lair:1 exclusion: oklob plant
Lair:3 exclusion: oklob plant
Lair:4 exclusion: oklob plant
Snake:2 Roxanne
Elf:2 3 runed translucent doors
Zot:1 2 transporters


Innate Abilities, Weirdness & Mutations

You are immune to poison.
Your flesh is cold resistant. (rC+)
You are immune to negative energy. (rN+++)
You are immune to unholy pain and torment.
You are vulnerable to heat. (rF-)
You are strongly in touch with the powers of death.
You do not drink.
You have a special connection with the divine. (Faith)


Message History

Unknown command.
Unknown command.
An Orb Guardian comes into view.
The Orb Guardian hits you but does no damage.
Aiming: Dig
Press: ? - help, Shift-Dir - straight line A rock wall.
This square is covered in magical glow.
The rock shatters into small pieces.
You block the Orb Guardian's attack.
PANG!
Unknown command.
You block the Orb Guardian's attack.
GONNNNG!
There is a staircase leading out of the dungeon here.
You slash the Orb Guardian!
The Orb Guardian is lightly wounded.
You block the Orb Guardian's attack.
GONNNNG!
You slash the Orb Guardian!
The Orb Guardian is moderately wounded.
You block the Orb Guardian's attack.
BONNNG!
You slash the Orb Guardian!
The Orb Guardian is heavily wounded.
You block the Orb Guardian's attack.
SHROANNG!
You hit the Orb Guardian but do no damage.
The Orb Guardian is heavily wounded.
The Orb Guardian hits you!
You take 12 damage, and have 210/222 hp.
You slash the Orb Guardian!
You feel better.
The Orb Guardian is severely wounded.
You block the Orb Guardian's attack.
GONNNNG!
You cut the Orb Guardian into ribbons!!!
You kill the Orb Guardian!
Okawaru accepts your kill.
No target in view!
There is a staircase leading out of the dungeon here.
You have escaped!

............# ##.# #.....###
............######..# #.....##.
............#......## #.....#..
..............##.### ###....#..
.............###.# ##.##...#..
.###.......#.# #.# ##...##.....
..#..........# #.# ##..#..##....
............## #.####.......#....
............####@..........)..#..
..#.........##.#.######'#####.#..
..#.........##..................#
...#...................##.....#..
..........#............###....#..
)..##.....#..#..............####.
..######..#.............###.# ##
.##.......##............###.# #
..........##...........).#..# #


There were no monsters in sight!

Vanquished Creatures
  3 dread liches
  4 orbs of fire (Zot:5)
  3 ancient liches
  Mennas (Vaults:2)
  Mara (Vaults:5)
  2 juggernauts
  2 pandemonium lords
  Josephina (Zot:3)
  Sojobo (Depths:2)
  A curse toe (Zot:2)
  7 Killer Klowns (Zot:5)
  3 caustic shrikes
  Margery (Vaults:4)
  Saint Roka (Vaults:4)
  Vashnia (Snake:2)
  18 golden dragons
  Nikola (Shoals:1)
  2 electric golems (Zot:5)
  2 Brimstone Fiends
  The ghost of Leytok the Blocker, an adept GnFi of Gozag (Shoals:3)
  Zenata (Vaults:2)
  A walking crystal tome (Depths:3)
  3 walking earthen tomes
  6 titans
  21 tentacled monstrosities
  A deep elf master archer (Elf:3)
  27 Orb Guardians
  4 liches
  10 quicksilver dragons
  A deep elf blademaster (Elf:3)
  An Executioner (Depths:1)
  8 death cobs
  2 walking divine tomes (Depths:3)
  An ancient champion (Vaults:3)
  2 krakens
  9 sphinxes
  The ghost of Plog the Luminary of Lethal Lore, an adept GnAE of Vehumet (Shoals:2)
  Frances (Shoals:1)
  Kirke (Shoals:1)
  10 shadow dragons
  Aizul (Snake:2)
  12 storm dragons
  6 tengu reavers
  Donald (Vaults:4)
  3 nagarajas
  13 fire giants
  13 frost giants
  8 draconian monks
  A demonspawn warmonger (Zot:3)
  6 draconian knights
  20 vault wardens
  A ghost moth (shapeshifter) (Depths:3)
  3 deep elf sorcerers
  An iron dragon (Depths:2)
  A ghost moth (Zot:3)
  8 draconian shifters
  2 draconian scorchers
  Louise (Snake:2)
  2 draconian annihilators
  2 cacodemons
  A ghoul (Vaults:3)
  An orc warlord (Orc:2)
  2 war gargoyles
  3 formless jellyfish
  A demonspawn corrupter (Zot:3)
  29 very ugly things
  A broodmother (shapeshifter) (Vaults:5)
  12 ironbound preservers
  5 deep elf elementalists (Elf:3)
  6 draconian stormcallers
  19 stone giants
  2 vampire knights
  8 ironbound thunderhulks
  15 black draconians
  12 purple draconians
  18 green draconians
  2 deep elf demonologists
  11 yellow draconians
  Azrael (D:13)
  13 dire elephants
  A spark wasp (shapeshifter) (Depths:1)
  14 red draconians
  11 deep elf annihilators
  10 white draconians
  A minotaur (Shoals:4)
  8 spark wasps
  A blizzard demon (Depths:3)
  A merfolk javelineer (Shoals:1)
  2 crystal guardians (Vaults:4)
  9 deep elf death magi
  A green death (Zot:5)
  5 merfolk impalers
  14 ettins
  Fannar (Orc:1)
  13 fire dragons
  6 great orbs of eyes
  7 deep elf high priests
  A spriggan zombie (Depths:2)
  7 rakshasas
  4 salamander tyrants (Snake:4)
  10 yaktaur captains
  2 peacekeepers (Vaults:4)
  31 vault guards
  5 ice dragons
  11 hydras
  19 anacondas
  5 centaur warriors
  3 spriggan air magi
  A two-headed ogre (shapeshifter) (Vaults:5)
  4 ogre magi
  6 ironbound frosthearts
  10 two-headed ogres
  A merfolk avatar (Shoals:3)
  2 merfolk aquamancers (Shoals:2)
  4 boulder beetles
  4 catoblepae
  12 deep troll shamans
  A death knight (D:15)
  5 deep troll earth magi
  15 naga warriors
  23 dancing weapons
  15 satyrs
  A tengu warrior (Depths:2)
  5 death yaks (Lair:1)
  3 orc high priests (Orc:2)
  2 vampire magi
  10 shock serpents
  25 hell knights
  8 spriggan berserkers
  Sonja (Lair:5)
  23 naga sharpshooters
  6 deep elf knights
  A demonic crawler (D:3)
  2 sun demons
  4 skysharks
  8 iron trolls
  11 sea snakes
  3 skeletal warriors
  A sixfirhy (D:3)
  4 salamander mystics
  A flayed ghost (Vaults:5)
  11 deep elf archers
  21 ironbound convokers
  3 wizards
  A deep troll (shapeshifter) (Depths:4)
  44 deep trolls
  4 lindwurms (Vaults:3)
  A large abomination (D:6)
  An obsidian statue (Zot:5)
  A wolf spider zombie (D:15)
  4 glowing orange brains
  5 phantasmal warriors
  A tengu zombie (Depths:2)
  An orange crystal statue (Depths:1)
  3 naga ritualists
  25 deep elf pyromancers
  9 necromancers
  8 orc knights
  23 harpies
  10 mana vipers
  A wolf spider (shapeshifter) (Depths:2)
  19 deep elf zephyrmancers
  17 manticores
  29 ugly things
  9 orc sorcerers
  2 cyclopes (shapeshifter)
  22 fauns
  21 salamanders
  A manticore (shapeshifter) (Vaults:4)
  23 moths of wrath
  5 merfolk sirens
  21 vault sentinels
  8 cyclopes
  A black mamba (shapeshifter) (D:13)
  43 black mambas
  25 naga magi
  An ice statue (IceCv)
  9 cane toads
  2 gargoyles (D:12)
  13 elephants
  A storm dragon simulacrum (Zot:3)
  A water nymph (Shoals:1)
  9 guardian serpents
  A centaur skeleton (D:15)
  A hellion (Depths:1)
  3 unseen horrors
  4 orange demons
  11 komodo dragons
  8 rime drakes
  4 freezing wraiths
  A yaktaur (shapeshifter) (D:15)
  2 kobold demonologists
  A tormentor (Zot:3)
  13 ice devils
  24 yaktaurs
  2 anaconda simulacra (IceCv)
  2 golden dragon simulacra (Zot:3)
  21 merfolk
  A tengu conjurer (Depths:1)
  5 trolls
  5 polar bears
  3 wind drakes
  3 meliai (D:14)
  A queen bee (D:14)
  A hellwing (Depths:1)
  9 hornets
  13 blink frogs
  14 dream sheep
  7 snapping turtles
  Sigmund (D:6)
  39 slime creatures
  A shadow (D:10)
  6 air elementals
  10 water elementals
  2 centaur simulacra
  2 dire elephant simulacra (IceCv)
  15 spriggans
  6 wyverns
  2 ynoxinuls
  3 fire elementals
  5 wraiths
  8 humans
  6 basilisks
  32 yaks
  2 steam dragons
  2 chaos spawn (Elf:2)
  3 harpy simulacra (IceCv)
  A redback (shapeshifter) (Vaults:4)
  4 death yak simulacra (IceCv)
  59 nagas
  13 water moccasins
  2 acid dragons
  6 hell hounds
  Duvessa (D:4)
  A hydra simulacrum (IceCv)
  A glowing shapeshifter skeleton (Depths:2)
  A moth of wrath simulacrum (Zot:3)
  45 orc warriors
  An ice beast (D:7)
  5 black bears
  8 ogres
  3 centaurs
  32 wolves
  5 boggarts
  A sky beast (D:6)
  A phantom (D:5)
  A centaur (shapeshifter) (Depths:3)
  6 kobold brigands
  3 gnoll sergeants
  3 earth elementals
  21 bullfrogs
  4 cane toad simulacra (IceCv)
  4 scorpions
  A two-headed ogre simulacrum (IceCv)
  A small abomination (Zot:3)
  8 wights
  Dowan (D:4)
  5 elephant simulacra (IceCv)
  31 killer bees
  2 howler monkeys
  An electric eel (Lair:1)
  A crimson imp (D:7)
  A jelly (D:7)
  A jelly (shapeshifter) (Vaults:5)
  4 hounds
  24 orc priests
  5 iguanas
  31 orc wizards
  A polar bear simulacrum (IceCv)
  6 wolf simulacra (IceCv)
  A spriggan simulacrum (IceCv)
  A troll simulacrum (IceCv)
  14 gnolls
  6 adders
  A naga simulacrum (IceCv)
  A shadow imp (D:6)
  2 white imps
  2 ufetubi
  2 worms
  5 dart slugs
  122 orcs
  4 endoplasms
  3 giant cockroaches
  9 goblins
  7 hobgoblins
  3 jackals (D:1)
  30 kobolds
  3 quokkas
  4 ball pythons
  6 bats
  2 frilled lizards
  4 rats
  2 ball lightnings (Shoals:2)
  5 tentacles
2218 creatures vanquished.

Vanquished Creatures (collateral kills)
  2 orc warriors (Bailey)
2 creatures vanquished.

Vanquished Creatures (others)
  A draconian knight (Zot:2)
  A ghost moth (Zot:2)
  A draconian stormcaller (Zot:2)
  3 deep elf knights
  A hell knight (Vaults:4)
  A deep elf zephyrmancer (Elf:1)
  A merfolk (Shoals:4)
  A naga (Snake:1)
  4 ball lightnings (Shoals:2)
  13 tentacles
27 creatures vanquished.

Grand Total: 2247 creatures vanquished

Notes
Turn   | Place    | Note
-------+----------+-------------------------------------------
     0 | D:1      | KimchiStew the Mummy Monk began the quest for the Orb.
     0 | D:1      | Reached XP level 1. HP: 18/18 MP: 1/1
    27 | D:1      | Reached skill level 1 in Stealth
    55 | D:1      | Reached XP level 2. HP: 11/24 MP: 2/2
   348 | D:1      | Gained mutation: You are in touch with the powers of death.
                  | [Mummy growth]
   348 | D:1      | Reached XP level 3. HP: 27/29 MP: 3/3
   821 | D:2      | Reached XP level 4. HP: 34/35 MP: 4/4
  1102 | D:2      | Found an ornate altar of the Wu Jian Council.
  1947 | D:3      | Found a bloodstained altar of Trog.
  2079 | D:3      | Found a radiant altar of Vehumet.
  2080 | D:3      | Found a shimmering blue altar of Sif Muna.
  2391 | D:4      | Reached XP level 5. HP: 31/41 MP: 5/5
  2603 | D:4      | Noticed Duvessa
  2603 | D:4      | Noticed Dowan
  2618 | D:4      | Killed Dowan
  2713 | D:5      | Entered Level 5 of the Dungeon
  2713 | D:5      | Found Teforaha's Gadget Gallery.
  2823 | D:5      | Reached skill level 5 in Maces & Flails
  2863 | D:5      | Noticed an ogre
  2879 | D:5      | Killed an ogre
  2880 | D:5      | Reached XP level 6. HP: 47/47 MP: 6/6
  3201 | D:5      | Reached XP level 7. HP: 18/52 MP: 7/7
  3600 | D:6      | Found a runed translucent door.
  3602 | D:6      | Found a shimmering altar of Xom.
  3602 | D:6      | Noticed KineticRobot's ghost (novice MfSh)
  3602 | D:6      | Noticed a +2 whip of chaos
  3666 | D:6      | Reached XP level 8. HP: 52/58 MP: 8/8
  3753 | D:6      | Reached skill level 1 in Armour
  3788 | D:6      | Reached skill level 4 in Fighting
  3821 | D:6      | Found a basalt altar of Yredelemnul.
  3826 | D:6      | Noticed Sigmund
  3844 | D:6      | Killed Sigmund
  4312 | D:6      | Reached skill level 5 in Fighting
  4354 | D:7      | Found a flagged portal.
  4401 | Bailey   | Entered a bailey
  4630 | Bailey   | Noticed an orc knight
  4675 | Bailey   | Reached skill level 6 in Fighting
  4800 | Bailey   | Killed an orc knight
  4801 | Bailey   | Reached XP level 9. HP: 63/69 MP: 9/9
  4842 | Bailey   | Reached skill level 5 in Armour
  4862 | Bailey   | Identified the +9 scimitar of the End of Times {heavy,
                  | rPois Str+3 Int-4}
  5236 | D:7      | Found a staircase to the Ecumenical Temple.
  5416 | Temple   | Entered the Ecumenical Temple
  5430 | Temple   | Became a worshipper of Warmaster Okawaru
  5430 | Temple   | Reached * piety under Okawaru
  5430 | Temple   | Reached ** piety under Okawaru
  5469 | D:7      | Noticed a troll
  5896 | D:7      | Reached skill level 1 in Invocations
  6262 | D:4      | Killed Duvessa
  6682 | D:8      | Reached XP level 10. HP: 54/77 MP: 11/11
  6912 | D:8      | Reached *** piety under Okawaru
  7213 | D:8      | Found a shadowy altar of Dithmenos.
  7219 | D:8      | Found an opulent altar of Gozag.
  7219 | D:8      | Found a hazy altar of Hepliaklqana.
  7304 | D:8      | Reached skill level 7 in Fighting
  7306 | D:8      | Identified a scroll of acquirement
  8061 | D:9      | Reached skill level 1 in Throwing
  8126 | D:9      | Reached **** piety under Okawaru
  8144 | D:9      | Reached skill level 1 in Evocations
  8975 | D:10     | Entered Level 10 of the Dungeon
  8995 | D:9      | Reached ***** piety under Okawaru
  9129 | D:10     | Found a staircase to the Lair.
  9919 | D:10     | Reached XP level 11. HP: 47/86 MP: 13/13
 10102 | D:10     | Found a portal to a secret trove of treasure.
 10110 | D:10     | Identified the +5 dire flail of Tenacity {elec, rF+ Int+4}
                  | (Okawaru gifted it to you on level 10 of the Dungeon)
 10110 | D:10     | Received a gift from Okawaru
 10450 | D:11     | Noticed a purple ugly thing
 10454 | D:11     | Reached skill level 10 in Maces & Flails
 10463 | D:11     | Killed a purple ugly thing
 10464 | D:11     | Reached skill level 8 in Fighting
 10544 | D:11     | Noticed a green ugly thing
 10553 | D:11     | Killed a green ugly thing
 10730 | Lair:1   | Entered Level 1 of the Lair of Beasts
 11019 | Lair:1   | Noticed a death yak
 11019 | Lair:1   | Noticed a death yak
 11020 | Lair:1   | Noticed a death yak
 11046 | Lair:1   | Noticed a death yak
 11056 | Lair:1   | Killed a death yak
 11059 | Lair:1   | Noticed a death yak
 11068 | Lair:1   | Killed a death yak
 11068 | Lair:1   | Identified the +0 hat "Koiha" {Drain +Blink rF+ Str+2}
                  | (Okawaru gifted it to you on level 1 of the Lair of Beasts)
 11068 | Lair:1   | Received a gift from Okawaru
 11076 | Lair:1   | Killed a death yak
 11079 | Lair:1   | Killed a death yak
 11080 | Lair:1   | Reached skill level 5 in Invocations
 11084 | Lair:1   | Killed a death yak
 11767 | Lair:1   | Noticed a boulder beetle
 11776 | Lair:1   | Killed a boulder beetle
 11777 | Lair:1   | Reached skill level 9 in Fighting
 11777 | Lair:1   | Reached XP level 12. HP: 77/95 MP: 16/16
 11959 | Lair:1   | Found a blossoming altar of Fedhas.
 12093 | Lair:1   | Reached ****** piety under Okawaru
 12194 | Lair:2   | Found a frozen archway.
 12206 | IceCv    | Entered an ice cave
 12930 | IceCv    | Received a gift from Okawaru
 13344 | IceCv    | Received a gift from Okawaru
 13368 | IceCv    | Got the Incunabulum of Frost and Despicable Mysteries
 13425 | IceCv    | Found an ancient bone altar of Kikubaaqudgha.
 13428 | IceCv    | Received a gift from Okawaru
 13429 | IceCv    | Reached skill level 10 in Fighting
 13804 | Lair:2   | Found a staircase to the Snake Pit.
 13941 | Lair:2   | Identified the +1 robe "Yniacim" {Harm}
 14182 | Lair:2   | Noticed a four-headed hydra
 14190 | Lair:2   | Killed a four-headed hydra
 14190 | Lair:2   | Identified the +9 arbalest "Xiusokk" {drain, rF+} (Okawaru
                  | gifted it to you on level 2 of the Lair of Beasts)
 14190 | Lair:2   | Received a gift from Okawaru
 14191 | Lair:2   | Gained mutation: You are strongly in touch with the powers
                  | of death. [Mummy growth]
 14191 | Lair:2   | Reached XP level 13. HP: 98/103 MP: 18/18
 14366 | Lair:2   | Identified the +5 dagger "Ogrebane" {flame, rN+ Str-4 Int+9
                  | Dex-5}
 14378 | Lair:2   | Found a staircase to the Shoals.
 15756 | Lair:3   | Received a gift from Okawaru
 16162 | Lair:3   | Identified the +10 giant club of Fedhas, Sharing {flame,
                  | Stlth+}
 16202 | Lair:3   | Identified the +0 plate armour "Reduch" {Rampage rElec
                  | rPois Str+3}
 16213 | Lair:3   | Reached skill level 1 in Axes
 16612 | Lair:3   | Received a gift from Okawaru
 16796 | Lair:3   | Received a gift from Okawaru
 17435 | Lair:4   | Found an ancient bone altar of Kikubaaqudgha.
 17784 | Lair:5   | Entered Level 5 of the Lair of Beasts
 17958 | Lair:5   | Reached XP level 14. HP: 91/111 MP: 20/20
 18250 | Lair:5   | Identified the +0 helmet "Ninakiach" {rElec Regen+ MP+9
                  | Str-2} (Okawaru gifted it to you on level 5 of the Lair of
                  | Beasts)
 18250 | Lair:5   | Received a gift from Okawaru
 18523 | Lair:5   | Noticed Sonja
 18535 | Lair:5   | Killed Sonja
 18577 | Lair:5   | Reached skill level 5 in Axes
 18709 | Lair:5   | Found a viscous altar of Jiyva.
 18709 | Lair:5   | Found a staircase to the Slime Pits.
 18831 | Lair:5   | Reached skill level 11 in Fighting
 19122 | Lair:5   | Identified the ring "Cunnu" {Wiz rF+}
 19302 | Lair:5   | Identified the +0 leather armour of the Ward {Harm rN+++
                  | Str-2}
 19746 | D:12     | Found the +8 demon trident "Rift" {distort, reach+}
 19747 | D:12     | Found a runed translucent door.
 19804 | D:12     | Found a runed translucent door.
 19858 | D:12     | Found a runed translucent door.
 19858 | D:12     | Noticed the 27-headed Lernaean hydra
 19958 | D:12     | Identified the +7 chain mail "Niupt" {-Tele rPois Int+7}
                  | (Okawaru gifted it to you on level 12 of the Dungeon)
 19958 | D:12     | Received a gift from Okawaru
 19988 | D:12     | Found a staircase to the Orcish Mines.
 20118 | D:12     | Found a flickering gateway to a bazaar.
 20128 | Bazaar   | Entered a bazaar
 20162 | Bazaar   | Found Podomid's Weapon Emporium.
 20162 | Bazaar   | Found Isah's Weapon Shoppe.
 20184 | Bazaar   | Found Wuwerit's Jewellery Shoppe.
 20200 | Bazaar   | Found Qaatun's Book Emporium.
 20200 | Bazaar   | Found Kiutt's Distillery.
 20222 | Bazaar   | Found Pudem's Distillery.
 20222 | Bazaar   | Found Vonwiessu's Antique Weapon Shoppe.
 20302 | Bazaar   | Bought the +8 eveningstar of the Ring {heavy, Will+} for
                  | 875 gold pieces
 20308 | Bazaar   | Bought a +0 eveningstar for 255 gold pieces
 20916 | Orc:1    | Entered Level 1 of the Orcish Mines
 20950 | Orc:1    | Noticed Fannar
 20985 | Orc:1    | Killed Fannar
 21241 | Orc:2    | Entered Level 2 of the Orcish Mines
 21389 | Orc:2    | Found a staircase to the Elven Halls.
 21475 | Orc:2    | Noticed an orc warlord
 21811 | Orc:2    | Killed an orc warlord
 22273 | Orc:2    | Received a gift from Okawaru
 22388 | Orc:2    | Found Nowa Riguc's General Store.
 22393 | Orc:2    | Found Luqen's Antique Armour Shoppe.
 22393 | Orc:2    | Found Iwaowic's Antique Weapon Shoppe.
 22395 | Orc:2    | Found Haas's Jewellery Emporium.
 22399 | Orc:2    | Bought a scroll of immolation for 52 gold pieces
 22399 | Orc:2    | Bought a scroll of revelation for 97 gold pieces
 22410 | Orc:2    | Bought a pair of glowing boots for 195 gold pieces
 22657 | Orc:1    | Reached XP level 15. HP: 67/119 MP: 21/21
 23283 | D:13     | Noticed Azrael
 23300 | D:13     | Killed Azrael
 23448 | D:13     | Identified the +1 chain mail of Vlad {Will++ MP+9 Str-3}
 23713 | D:13     | Found a gate to the Vaults.
 24056 | D:10     | You paid a toll of 2 scrolls of acquirement to enter a
                  | treasure trove
 24057 | Trove    | Entered a treasure trove
 24073 | Trove    | Identified the amulet of Fyasuz {Reflect rC+ Str-5 Int+4
                  | SH+5}
 24077 | Trove    | Identified the ring of the Robin {rPois rF+ rCorr Int+5
                  | SInv}
 24082 | Trove    | Identified the ring of Wishful Thinking {rC+ Dex+4}
 24084 | Trove    | Identified the ring "Vaimmafaje" {Wiz rF++ rN+}
 24086 | Trove    | Identified the ring of Bodily Harmony {Ice rCorr}
 24254 | D:14     | Reached skill level 10 in Axes
 25099 | D:15     | Entered Level 15 of the Dungeon
 25291 | D:15     | Identified the +6 acid dragon scales of the Original Sin
                  | {Contam rCorr Str+3 SInv} (Okawaru gifted it to you on
                  | level 15 of the Dungeon)
 25291 | D:15     | Received a gift from Okawaru
 25529 | D:15     | Identified the +5 mace of Proximity {speed, Will++}
 25825 | D:15     | Found a staircase to the Depths.
 26006 | D:15     | Found a shimmering blue altar of Sif Muna.
 26331 | Snake:1  | Entered Level 1 of the Snake Pit
 27235 | Snake:1  | Identified the +1 cloak of the Arcane {-Tele rC++ Dex+5}
                  | (Okawaru gifted it to you on level 1 of the Snake Pit)
 27235 | Snake:1  | Received a gift from Okawaru
 27843 | Snake:2  | Reached XP level 16. HP: 127/127 MP: 22/22
 28293 | Snake:2  | Reached skill level 12 in Fighting
 28379 | Snake:2  | Reached skill level 10 in Armour
 28627 | Snake:2  | Noticed Louise
 28647 | Snake:2  | Killed Louise
 28734 | Snake:2  | Received a gift from Okawaru
 28734 | Snake:2  | Found the +3 warlock's mirror {omnireflect}
 28884 | Snake:2  | Noticed Roxanne
 28913 | Snake:2  | Noticed Vashnia
 29191 | Snake:2  | Noticed Aizul
 29228 | Snake:2  | Killed Aizul
 29229 | Snake:2  | Reached skill level 1 in Shields
 29270 | Snake:2  | Killed Vashnia
 31549 | Snake:4  | Entered Level 4 of the Snake Pit
 31593 | Snake:4  | Received a gift from Okawaru
 31750 | Snake:4  | Reached XP level 17. HP: 107/135 MP: 23/23
 31756 | Snake:4  | Reached skill level 13 in Fighting
 31933 | Snake:4  | Identified the +1 pearl dragon scales "Zutixos" {rC- rN+
                  | Int+2 Dex+4 Stlth+} (Okawaru gifted it to you on level 4 of
                  | the Snake Pit)
 31933 | Snake:4  | Received a gift from Okawaru
 33207 | Snake:4  | Identified the +4 chain mail of Okawaru's Hatred {rCorr}
                  | (Okawaru gifted it to you on level 4 of the Snake Pit)
 33207 | Snake:4  | Received a gift from Okawaru
 33281 | Snake:4  | Reached skill level 15 in Axes
 33498 | Snake:4  | Reached skill level 5 in Shields
 33793 | Snake:4  | Noticed a quicksilver dragon
 33808 | Snake:4  | Killed a quicksilver dragon
 33809 | Snake:4  | Noticed a quicksilver dragon
 33922 | Snake:4  | Killed a quicksilver dragon
 34017 | Snake:4  | Got a serpentine rune of Zot
 34361 | Shoals:1 | Entered Level 1 of the Shoals
 34377 | Shoals:1 | Found Viup's Antique Armour Shop.
 34562 | Shoals:1 | Received a gift from Okawaru
 34601 | Shoals:1 | Noticed Nikola
 34614 | Shoals:1 | Killed Nikola
 34718 | Shoals:1 | Reached skill level 14 in Fighting
 34901 | Shoals:1 | Noticed Frances
 34920 | Shoals:1 | Noticed Kirke
 34927 | Shoals:1 | Killed Frances
 34928 | Shoals:1 | Reached XP level 18. HP: 86/146 MP: 24/24
 34935 | Shoals:1 | Killed Kirke
 35502 | Shoals:2 | Identified the +0 animal skin "Keokea" {rElec rPois rN++
                  | Dex-3} (Okawaru gifted it to you on level 2 of the Shoals)
 35502 | Shoals:2 | Received a gift from Okawaru
 35544 | Shoals:2 | Found a runed translucent door.
 35545 | Shoals:2 | Noticed Plog's ghost (adept GnAE)
 35591 | Shoals:2 | Killed Plog's ghost
 35768 | Shoals:2 | Found Hunwadue's Distillery.
 36470 | Shoals:3 | Found Koes Ram's Weapon Shop.
 36617 | Shoals:3 | Found Laerch's Armour Emporium.
 36620 | Shoals:3 | Found a runed translucent door.
 36621 | Shoals:3 | Noticed Leytok's ghost (adept GnFi)
 36636 | Shoals:3 | Killed Leytok's ghost
 36648 | Shoals:3 | Identified the staff "Huciu" {Contam rPois Dex+3 SInv Conj}
 36694 | Shoals:3 | Found Asocij's Distillery.
 36706 | Shoals:3 | Found Wapoor's Weapon Shop.
 37100 | Shoals:4 | Entered Level 4 of the Shoals
 37286 | Shoals:4 | Identified the +4 kite shield "Repririps" {rElec rCorr
                  | Dex+2 Slay+2} (Okawaru gifted it to you on level 4 of the
                  | Shoals)
 37286 | Shoals:4 | Received a gift from Okawaru
 37969 | Shoals:4 | Reached skill level 5 in Throwing
 38006 | Shoals:4 | Reached skill level 15 in Fighting
 38056 | Shoals:4 | Found the +8 demon blade "Leech" {evervamp, Harm Drain rN+}
 38065 | Shoals:4 | Got a barnacled rune of Zot
 38124 | Shoals:4 | Identified the ring "Rufeo" {rPois rC+ rN+ SInv}
 38439 | Elf:1    | Entered Level 1 of the Elven Halls
 38460 | Elf:1    | Received a gift from Okawaru
 38490 | Elf:1    | Paralysed by an air elemental for 1 turns
 38496 | Elf:1    | Paralysed by an air elemental for 1 turns
 38616 | Elf:1    | Received a gift from Okawaru
 38616 | Elf:1    | Found the +18 shield of the Gong {Loud rN+ Will+ rCorr
                  | EV-5}
 38637 | Elf:1    | Reached XP level 19. HP: 146/155 MP: 25/25
 39137 | Elf:1    | Found Idad's General Store.
 39146 | Elf:1    | Bought a scroll of teleportation for 39 gold pieces
 39225 | Elf:1    | Identified the +4 short sword of Tonowno {heavy, rElec
                  | rPois rN++ Str+3}
 39362 | Elf:1    | Got the Tractate on Combat Magic and Command
 39636 | Elf:2    | Found Wexopi's Jewellery Emporium.
 39638 | Elf:2    | Found Kyuclase's Magic Scroll Shoppe.
 39641 | Elf:2    | Found Keoberph's Antique Armour Emporium.
 39703 | Elf:2    | Paralysed by an air elemental for 1 turns
 39719 | Elf:2    | Paralysed by an air elemental for 1 turns
 39773 | Elf:2    | Paralysed by an air elemental for 1 turns
 40155 | Elf:2    | Received a gift from Okawaru
 40174 | Elf:2    | Found a runed translucent gate.
 40175 | Elf:2    | Found a runed translucent gate.
 40175 | Elf:2    | Found a runed translucent gate.
 40343 | Elf:2    | Identified the +7 gold dragon scales of Ekayvica {+Blink
                  | rPois rF+ rC+ rCorr Dex+4} (Okawaru gifted it to you on
                  | level 2 of the Elven Halls)
 40343 | Elf:2    | Received a gift from Okawaru
 40622 | Elf:3    | Entered Level 3 of the Elven Halls
 41267 | Elf:3    | Noticed a Tzitzimitl
 41271 | Elf:3    | Noticed a Brimstone Fiend
 41283 | Elf:3    | Got the Papyrus of the Excursion
 41288 | Elf:3    | Identified the ring "Ehuul" {+Blink Str+2 Int+6 Dex+2}
 41390 | Elf:3    | Identified the ring "Doonut" {AC+4 Str+5 Int+3 Stlth-}
 41409 | Elf:3    | Got the Quarto of Spellbinding Breccia
 41549 | Elf:3    | Identified the +4 falchion of Drought {freeze, +Blink rPois
                  | rF+ Str-4}
 41655 | Elf:3    | Identified the staff "Meruhaun" {rF+ Dex+3 Fire}
 42020 | Vaults:1 | Entered Level 1 of the Vaults
 42224 | Vaults:1 | Paralysed by a great orb of eyes for 2 turns
 42234 | Vaults:1 | Received a gift from Okawaru
 42951 | Vaults:1 | Reached XP level 20. HP: 163/163 MP: 27/27
 43391 | Vaults:2 | Reached skill level 10 in Shields
 43400 | Vaults:2 | Noticed Mennas
 43400 | Vaults:2 | Noticed Zenata
 43520 | Vaults:2 | Received a gift from Okawaru
 43913 | Vaults:2 | Reached skill level 10 in Invocations
 44251 | Vaults:2 | Identified the +6 fire dragon scales of Yhajamni {rPois
                  | rF++ rC- Str+2 Dex-5}
 44565 | Vaults:2 | Killed Mennas
 44833 | Vaults:2 | Killed Zenata
 45191 | Vaults:3 | Paralysed by a great orb of eyes for 5 turns
 45275 | Vaults:3 | Identified the +5 hand crossbow of an ossuary {drain, rPois
                  | rC+ Int+3} (Okawaru gifted it to you on level 3 of the
                  | Vaults)
 45275 | Vaults:3 | Received a gift from Okawaru
 45300 | Vaults:3 | Reached skill level 5 in Evocations
 45455 | Vaults:2 | Reached skill level 16 in Fighting
 45662 | Vaults:3 | Found a staircase to the Crypt.
 45698 | Vaults:3 | Found Hog Jegh's Weapon Boutique.
 45710 | Vaults:3 | Received a gift from Okawaru
 46837 | Vaults:4 | Noticed Saint Roka
 46871 | Vaults:4 | Killed Saint Roka
 46993 | Vaults:4 | Noticed Donald
 47014 | Vaults:4 | Killed Donald
 47030 | Vaults:4 | Reached XP level 21. HP: 136/172 MP: 29/29
 47103 | Vaults:4 | Received a gift from Okawaru
 47149 | Vaults:4 | Found a flickering gateway to a bazaar.
 47169 | Bazaar   | Entered a bazaar
 47169 | Bazaar   | Found Jannoneh's Antique Weapon Emporium.
 47169 | Bazaar   | Found Boifosong's Book Emporium.
 47170 | Bazaar   | Found Hyedy's Distillery.
 47170 | Bazaar   | Found Jojuotol's Armour Shoppe.
 47386 | Vaults:4 | Received a gift from Okawaru
 47765 | Vaults:4 | Noticed Margery
 47780 | Vaults:4 | Killed Margery
 47785 | Vaults:4 | Received a gift from Okawaru
 48470 | Vaults:5 | Entered Level 5 of the Vaults
 48502 | Vaults:4 | Identified the +3 executioner's axe "Weagg" {flame, rElec}
                  | (Okawaru gifted it to you on level 4 of the Vaults)
 48502 | Vaults:4 | Received a gift from Okawaru
 48669 | Vaults:5 | Noticed a golden dragon
 48697 | Vaults:5 | Killed a golden dragon
 48713 | Vaults:5 | Noticed an ancient lich
 48747 | Vaults:5 | Noticed a golden dragon
 48749 | Vaults:5 | Identified the +2 pair of boots of the Morning {rElec
                  | Regen+ MP-9 Str+6} (Okawaru gifted it to you on level 5 of
                  | the Vaults)
 48749 | Vaults:5 | Received a gift from Okawaru
 48777 | Vaults:5 | Killed an ancient lich
 48797 | Vaults:5 | Killed a golden dragon
 48811 | Vaults:5 | Killed a ghostly golden dragon
 48829 | Vaults:5 | Reached skill level 17 in Fighting
 48829 | Vaults:5 | Noticed a dread lich
 48869 | Vaults:5 | Paralysed by a dread lich for 4 turns
 48879 | Vaults:5 | Killed a dread lich
 48885 | Vaults:5 | Noticed a golden dragon
 49054 | Vaults:5 | Found Joivick's Magic Scroll Shop.
 49073 | Vaults:5 | Noticed a golden dragon
 49089 | Vaults:5 | Reached skill level 10 in Throwing
 49108 | Vaults:5 | Reached XP level 22. HP: 181/181 MP: 30/30
 49115 | Vaults:5 | Killed a golden dragon
 49136 | Vaults:5 | Reached skill level 15 in Armour
 49192 | Vaults:5 | Found Fasotz's Distillery.
 49192 | Vaults:5 | Noticed a golden dragon
 49214 | Vaults:5 | Killed a golden dragon
 49217 | Vaults:5 | Received a gift from Okawaru
 49332 | Vaults:5 | Found Kora's Magic Scroll Boutique.
 49332 | Vaults:5 | Found Vonwiessu's Magic Scroll Shoppe.
 49337 | Vaults:5 | Bought a scroll of enchant weapon for 135 gold pieces
 49337 | Vaults:5 | Bought a scroll of enchant armour for 135 gold pieces
 49337 | Vaults:5 | Bought a scroll of fog for 72 gold pieces
 49337 | Vaults:5 | Bought a scroll of teleportation for 54 gold pieces
 49337 | Vaults:5 | Bought a scroll of immolation for 72 gold pieces
 49337 | Vaults:5 | Bought a scroll of fog for 72 gold pieces
 49346 | Vaults:5 | Bought a scroll of teleportation for 54 gold pieces
 49346 | Vaults:5 | Bought a scroll of blinking for 135 gold pieces
 49346 | Vaults:5 | Bought a scroll of fear for 72 gold pieces
 49392 | Vaults:5 | Found Etuiq's Magic Scroll Boutique.
 49397 | Vaults:5 | Bought a scroll of teleportation for 69 gold pieces
 49397 | Vaults:5 | Bought a scroll of enchant weapon for 172 gold pieces
 49450 | Vaults:5 | Killed a golden dragon
 49452 | Vaults:5 | Identified the +0 pair of gloves "Birocyis" {Dex+5}
                  | (Okawaru gifted it to you on level 5 of the Vaults)
 49452 | Vaults:5 | Received a gift from Okawaru
 49488 | Vaults:5 | Found Pexkiuf's Antique Armour Boutique.
 49488 | Vaults:5 | Found Gudionlu's General Store.
 50032 | Vaults:5 | Identified the +0 scale mail of the Other Side {Stlth+}
 50077 | Vaults:5 | Got a silver rune of Zot
 50093 | Vaults:5 | Noticed Mara
 50109 | Vaults:5 | Killed Mara
 50295 | Vaults:5 | Found Xagruth's Antique Armour Emporium.
 50303 | Vaults:5 | Found Mouzir's Distillery.
 50304 | Vaults:5 | Found Bihisyupn's Distillery.
 50647 | Vaults:5 | Got the Almanac of Shifting and Combustion
 51059 | Depths:1 | Entered Level 1 of the Depths
 51150 | Depths:1 | Found a gateway to Hell.
 51184 | Depths:1 | Found a one-way gate to the infinite horrors of the Abyss.
 51221 | Depths:1 | Received a gift from Okawaru
 51299 | Depths:1 | Found the +7 mace of Variability {chaos, chaos arc}
 51417 | Depths:1 | Found a one-way gateway to a ziggurat.
 51455 | Depths:1 | Received a gift from Okawaru
 51489 | Depths:1 | HP: 3/183 [deep troll shaman (14)]
 51614 | Depths:1 | Identified the +3 scale mail "Foapton" {Rampage rPois rN++
                  | Str-4} (Okawaru gifted it to you on level 1 of the Depths)
 51614 | Depths:1 | Received a gift from Okawaru
 51680 | Depths:1 | Found a one-way gate leading to the halls of Pandemonium.
 51893 | Depths:1 | Identified the +6 glaive of Extinguishment {heavy, Dex+3}
 51893 | Depths:1 | Identified the amulet of Bodily Harmony {Faith *Corrode
                  | rC++}
 51904 | Depths:1 | Identified the +5 dagger of Indomitability {heavy, rPois
                  | rN+++ Will- Str+3}
 52286 | Depths:2 | Reached skill level 18 in Fighting
 52444 | Depths:2 | Found a broken altar of Ashenzari.
 52516 | Depths:2 | Reached XP level 23. HP: 190/190 MP: 32/32
 52916 | Depths:2 | Noticed Sojobo
 52918 | Depths:2 | Reached skill level 15 in Shields
 53406 | Depths:2 | Received a gift from Okawaru
 53433 | Depths:2 | Killed Sojobo
 53499 | Depths:2 | Noticed a juggernaut
 53538 | Depths:2 | Killed a juggernaut
 53538 | Depths:2 | Identified the +1 hat of Casmir {Harm} (Okawaru gifted it
                  | to you on level 2 of the Depths)
 53538 | Depths:2 | Received a gift from Okawaru
 54122 | Elf:2    | Bought a scroll of teleportation for 51 gold pieces
 54122 | Elf:2    | Bought a scroll of teleportation for 51 gold pieces
 54348 | D:5      | Bought a lightning rod (4/4) for 330 gold pieces
 54348 | D:5      | Bought a phial of floods for 440 gold pieces
 54872 | Depths:3 | Noticed a caustic shrike
 54897 | Depths:2 | Killed a caustic shrike
 54912 | Depths:3 | Noticed a caustic shrike
 54915 | Depths:3 | Noticed a caustic shrike
 54943 | Depths:2 | Killed a caustic shrike
 54965 | Depths:3 | Killed a caustic shrike
 55335 | Depths:3 | Found Aledocwy's Book Emporium.
 55477 | Depths:3 | Received a gift from Okawaru
 55616 | Depths:3 | Noticed a juggernaut
 55640 | Depths:3 | Killed a juggernaut
 55711 | Depths:3 | You fall into a shaft and drop 1 floor!
 55711 | Depths:4 | Entered Level 4 of the Depths
 55842 | Depths:4 | Received a gift from Okawaru
 55878 | Depths:4 | Reached skill level 5 in Dodging
 55910 | Depths:4 | Identified the +0 helmet of Caoduc {rC+ Str+3 Dex-3 Stlth+}
                  | (Okawaru gifted it to you on level 4 of the Depths)
 55910 | Depths:4 | Received a gift from Okawaru
 55926 | Depths:4 | Reached XP level 24. HP: 199/199 MP: 32/32
 55973 | Depths:4 | Identified the +6 spear "Yshesoak" {flame, Str+3}
 56037 | Depths:4 | Found an opulent altar of Gozag.
 56152 | Depths:4 | Found a gate to the Realm of Zot.
 56631 | Depths:4 | Found Cotiwn's Book Shoppe.
 57206 | Depths:3 | Reached skill level 19 in Fighting
 57304 | Depths:3 | Received a gift from Okawaru
 57531 | Zot:1    | Entered Level 1 of the Realm of Zot
 58012 | Zot:1    | Found a transporter.
 58091 | Zot:1    | Identified the +7 arbalest "Elote" {elec, +Blink rElec rN+}
 58159 | Zot:1    | Received a gift from Okawaru
 58203 | Zot:1    | Found a transporter.
 58576 | Zot:2    | Received a gift from Okawaru
 58676 | Zot:2    | You fall into a shaft and drop 1 floor!
 59236 | Zot:3    | Received a gift from Okawaru
 59262 | Zot:3    | Reached XP level 25. HP: 210/210 MP: 26/32
 59325 | Zot:3    | Identified the +3 ring mail of Patterns {rN+ Int-2 Dex+4}
                  | (Okawaru gifted it to you on level 3 of the Realm of Zot)
 59325 | Zot:3    | Received a gift from Okawaru
 59394 | Zot:3    | Reached skill level 20 in Fighting
 59518 | Zot:3    | Identified the ring of Poposy {Ice rElec Str-5 Int+8
                  | Stlth+}
 59518 | Zot:3    | Noticed Josephina
 59530 | Zot:3    | Killed Josephina
 59818 | Zot:3    | Found Ozej's CLEARANCE SALE!.
 59825 | Zot:3    | Bought a scroll of fog for 12 gold pieces
 61468 | Zot:5    | Entered Level 5 of the Realm of Zot
 61507 | Zot:5    | Received a gift from Okawaru
 61595 | Zot:5    | Received a gift from Okawaru
 61610 | Zot:5    | Noticed a Killer Klown
 61618 | Zot:5    | Noticed a dread lich
 61633 | Zot:5    | Killed a dread lich
 61647 | Zot:5    | Noticed a dread lich
 61648 | Zot:5    | Noticed an orb of fire
 61649 | Zot:5    | Killed a Killer Klown
 61660 | Zot:5    | Noticed an ancient lich
 61662 | Zot:5    | Killed an orb of fire
 61666 | Zot:5    | Killed a dread lich
 61669 | Zot:5    | Killed an ancient lich
 61692 | Zot:5    | Reached skill level 21 in Fighting
 61827 | Zot:5    | Noticed an orb of fire
 61837 | Zot:5    | Noticed a Killer Klown
 61839 | Zot:5    | Noticed an orb of fire
 61842 | Zot:5    | Noticed a Killer Klown
 61881 | Zot:5    | Killed an orb of fire
 61882 | Zot:5    | Noticed an orb of fire
 61891 | Zot:5    | Killed an orb of fire
 61899 | Zot:5    | Killed an orb of fire
 61902 | Zot:5    | Noticed a Killer Klown
 61904 | Zot:5    | Noticed a Killer Klown
 61929 | Zot:5    | Noticed an ancient lich
 61947 | Zot:5    | Killed an ancient lich
 61958 | Zot:5    | Killed a Killer Klown
 61958 | Zot:5    | Received a gift from Okawaru
 61966 | Zot:5    | Killed a Killer Klown
 61969 | Zot:5    | Noticed a Killer Klown
 61976 | Zot:5    | Noticed a Killer Klown
 61979 | Zot:5    | Killed a Killer Klown
 61980 | Zot:5    | Reached XP level 26. HP: 221/222 MP: 1/32
 62005 | Zot:5    | Received a gift from Okawaru
 62295 | Zot:5    | Received a gift from Okawaru
 62504 | Zot:5    | Received a gift from Okawaru
 62922 | Zot:5    | Identified the +1 leather armour of Untruth {Int+6}
 62993 | Zot:5    | Got the Orb of Zot
 63104 | Zot:3    | Noticed Roofrozu the pandemonium lord
 63153 | Zot:3    | Killed Roofrozu the pandemonium lord
 63245 | Depths:4 | Noticed Luwi the pandemonium lord
 63307 | Depths:4 | Killed Luwi the pandemonium lord
 63468 | D:15     | Received a gift from Okawaru
 63627 | D:8      | Noticed Seoma the pandemonium lord
 63650 | D:7      | Noticed Giroitz the pandemonium lord
 63816 | D:$      | Escaped with the Orb!

Illustrated notes

Levels and vault maps discovered:
D:1:      amcnicky_arrival_feature_with_door, layout_rooms, hex_medium,
          grunt_decor_mini_mirrors, minmay_bisected
D:2:      layout_loops_corners, basic_altar, kennysheep_generic_room_13
D:3:      layout_basic, nicolae_overflow_hidden_temple, minmay_misc_feat_tiny
D:4:      layout_basic, uniq_duvessa
D:5:      layout_basic, hangedman_decor_points, grunt_ministairs_9,
          nicolae_shop_gadgets
D:6:      layout_basic, yredelemnul_altar_generic, ebering_ghost_xom,
          uniq_sigmund
D:7:      layout_cave_pods, minmay_temple_entry_stoned_glass, enter_bailey_4,
          minmay_chambers_of_fives
D:8:      layout_loops_ring, mainiacjoe_overflow_alcove_3, grunt_ministairs_3
D:9:      layout_basic, minmay_misc_feat_iff
D:10:     layout_cave_pods, david_lair_generic, enter_trove_0,
          chequers_serial_rivers_micro_e, kennysheep_donut
D:11:     layout_big_octagon
D:12:     layout_basic, david_orc_2, serial_shops, freezing_bzr,
          nicolae_hydra_factorization
D:13:     layout_roguey, grunt_vaults_entry_fortified, uniq_azrael
D:14:     layout_roguey [special_room_bee], chequers_avenue
D:15:     grunt_enter_depths_magical_seal, layout_irregular_city,
          lemuel_round_altar
Temple:   eino_temple_water
Lair:1:   layout_gridlike, hangedman_tree_tricks, infiniplex_staircase_pool
Lair:2:   layout_regular_city, elwin_shoals_entry_rocks, dummy_snake_entry,
          portal_ice_cave_entry_pillars_2, minivault_24, beast_lair_carwin_2
Lair:3:   nzn_winding_woodlands_huge [nzn_winding_woodlands_5x15_zeroes,
          nzn_winding_woodlands_5x15_concentric,
          nzn_winding_woodlands_5x15_lazy_stream,
          nzn_winding_woodlands_5x15_garden, nzn_winding_woodlands_5x15_default,
          nzn_winding_woodlands_5x15_pockets,
          nzn_winding_woodlands_5x15_river_crossing,
          nzn_winding_woodlands_5x15_default, nzn_winding_woodlands_5x15_twine,
          nzn_winding_woodlands_5x15_pool,
          nzn_winding_woodlands_center_diamonds,
          nzn_winding_woodlands_center_triple_pond,
          nzn_winding_woodlands_15x15_eel_pit], layout_chaotic_city,
          minmay_lair_oklob_items, chequers_serial_rivers_micro_c,
          grunt_forest_small_clearings
Lair:4:   layout_misc_corridors, basic_altar
Lair:5:   minmay_lair_end_enchanted_forest, layout_cave_shapes,
          dpeg_slime_entry_corner, basic_altar, chequers_serial_rivers_marsh,
          minivault_23, uniq_sonja
Shoals:1: layout_shoals, serial_shops, nicolae_shop_hallway_plus, uniq_frances,
          uniq_nikola, uniq_kirke
Shoals:2: layout_shoals, serial_shops, nicolae_shop_statue_plus,
          gammafunk_ghost_grave
Shoals:3: layout_shoals, serial_shops, nicolae_shop_industrial_runoff,
          nicolae_shop_tiny_waterfront, nicolae_stop_n_shop_1, shop,
          ebering_ghost_inner_flame
Shoals:4: shoals_end_hellmonk_lost_city
Snake:1:  layout_gridlike, hangedman_snake_corridor_cut, grunt_megastairs_2
Snake:2:  layout_honeycomb, uniq_louise, uniq_roxanne, uniq_aizul, uniq_vashnia
Snake:3:  layout_chambers, minmay_snake_pond
Snake:4:  hellmonk_snake_rune_quicksilver_temple, layout_onion_interference,
          grunt_megastairs_1, serial_bayou_shore_a
Orc:1:    layout_diamond_mine, uniq_fannar
Orc:2:    st_orc_congregation, layout_diamond_mine, hellmonk_bongcloud_opening
Elf:1:    elf_arrival_001, layout_loops_cross, serial_shops, shop,
          minmay_elf_sorcery
Elf:2:    nicolae_elf_blades_crystal_corner, layout_gridlike, serial_shops,
          nicolae_shop_trees, nicolae_elf_free_trip_to_the_abyss,
          minmay_shop_star
Elf:3:    minmay_elf_hall_dome, layout_geoelf_octagon
Vaults:1: hangedman_vaults_corner_blocks, ontoclasm_vaults_fault,
          nicolae_vaults_three_branches, nicolae_vaults_tetromino_T_1,
          nicolae_vaults_octothorpe, grunt_vaults_hallway_long,
          nicolae_vaults_weapon_check, v_misc_17, vaults_dpeg_spiral,
          vaults_room_grunt_arrival_ludios, v_misc_17,
          nicolae_vaults_double_plus_1, nicolae_vaults_trapezoid_3,
          nicolae_vaults_little_ls, layout_vaults_ring
Vaults:2: vaults_dpeg_diagonal, nicolae_vaults_tetromino_T_2,
          ontoclasm_vaults_idyll, nicolae_vaults_cochlea,
          hangedman_vaults_stitches, nicolae_vaults_storage_room_statues,
          vaults_room_pool, ontoclasm_vaults_chip, nicolae_vaults_double_plus_1,
          layout_vaults_big_cross, uniq_zenata, uniq_mennas
Vaults:3: nicolae_vaults_security_offices_6, v_misc_17,
          nicolae_vaults_tangram_1, ontoclasm_vaults_loading_screen,
          nicolae_vaults_what_the_h, hangedman_vaults_corner,
          minmay_crypt_entry_simple_box, vaults_room_grid,
          nicolae_vaults_taking_the_gang_shopping, v_misc_12,
          layout_vaults_omnigrid
Vaults:4: vaults_room_pool, v_alt_pattern_2, nicolae_vaults_network_quinsquares
          [nicolae_vaults_network_quincunx_subvault,
          nicolae_vaults_network_quincunx_subvault,
          nicolae_vaults_network_quincunx_subvault,
          nicolae_vaults_network_quincunx_subvault],
          nicolae_vaults_loss_of_containment,
          nicolae_vaults_offset_grid_hallway_2, nicolae_vaults_meiosis,
          nicolae_vaults_little_squares_2, vaults_room_pool,
          nicolae_vaults_little_squares_2, nicolae_vaults_theta,
          nicolae_vaults_double_plus_3, vaults_room_octagon,
          nicolae_vaults_closet_pinwheel_3, nicolae_vaults_wrenched,
          nicolae_vaults_double_plus_3, nicolae_vaults_diamond_2,
          layout_vaults_omnibox, serial_shops, bzr_in_the_mist, uniq_margery,
          uniq_donald, uniq_saint_roka
Vaults:5: uniq_mara
Depths:1: layout_gridville, enter_ziggurat_f, grunt_pan_entry_sceptre,
          minmay_misc_feat_square, abyss_entry, hangedman_geh_valley,
          horrible_house_mu
Depths:2: kennysheep_snake, layout_gridlike, nicolae_ashenzari_skybound,
          pan_entry, grunt_metal_band, uniq_sojobo
Depths:3: grunt_twisty_corner, layout_cave_pools, pf_hell_entry_tar_spiral,
          rand_demon_pan_entry_5, abyss_entry, serial_shops,
          nicolae_shop_tiny_statue_garden, nicolae_tso_carved_into_rock
Depths:4: grunt_x_marks_the_spot, layout_gridlike, serial_shops,
          nicolae_shop_tiny_waterfront, pf_coc_iceberg, grunt_gozag_statues,
          zin_statuary
Zot:1:    gammafunk_its_a_trap, layout_basic
Zot:2:    layout_misc_corridors, hangedman_zot_decor_scrapings
Zot:3:    layout_basic, nicolae_shop_clearance, uniq_josephina
Zot:4:    layout_basic
Zot:5:    layout_concentric_octagons, grunt_megastairs_4

Skill      XL: |  1  2  3  4  5  6  7  8  9 10 11 12 13 14 15 16 17 18 19 20 21 22 23 24 25 26 |
---------------+-------------------------------------------------------------------------------+-----
Stealth        | 1 2 |  2.0
Maces & Flails | 3 4 5 6 7 8 9 11 13 14 | 14.2
Armour         | 4 6 7 8 9 10 11 12 13 14 15 17 18 19 20 | 20.6
Fighting       | 6 7 9 10 11 12 14 15 16 17 18 19 21 | 21.0
Invocations    | 1 3 5 7 9 10 11 12 | 12.0
Throwing       | 2 5 7 8 10 11 | 11.0
Evocations     | 2 3 5 7 9 |  9.0
Axes           | 3 8 12 14 15 | 15.8
Shields        | 3 5 7 9 11 13 14 15 16 18 19 | 19.0
Dodging        | 5 8 |  8.0

Action                     |  1- 3 |  4- 6 |  7- 9 | 10-12 | 13-15 | 16-18 | 19-21 | 22-24 | 25-27 || total
---------------------------+-------+-------+-------+-------+-------+-------+-------+-------+-------++-------
  Melee: Mace              |    76 |    86 |    13 |       |       |       |       |       |       ||   175
         Flail             |       |       |   382 |       |       |       |       |       |       ||   382
         Morningstar       |       |       |    11 |   224 |       |       |       |       |       ||   235
         Dire flail        |       |       |       |   368 |  1046 |       |       |       |       ||  1414
         Broad axe         |       |       |       |       |   623 |  1811 |  2102 |  2687 |  1184 ||  8407
         Punch             |       |       |       |       |     6 |       |       |       |       ||     6
         Eveningstar       |       |       |       |       |    18 |   416 |   128 |       |    69 ||   631
  Throw: Javelin           |     3 |     9 |       |    15 |    26 |    24 |    21 |     2 |    16 ||   116
         Dart              |       |       |       |     8 |     5 |       |       |     3 |       ||    16
         Boomerang         |       |       |       |       |       |     2 |       |       |       ||     2
         Throwing net      |       |       |       |       |       |       |       |     3 |       ||     3
 Invoke: Heroism           |       |       |       |     2 |     5 |    14 |    10 |     5 |     8 ||    44
         Finesse           |       |       |       |       |     4 |     9 |     9 |     6 |     6 ||    34
  Evoke: Wand              |       |     1 |    10 |     7 |     4 |     5 |       |     3 |     9 ||    39
    Use: Scroll            |       |     8 |     7 |     5 |    17 |    10 |    20 |    13 |     2 ||    82
   Stab: Paralysed         |       |       |     6 |       |       |       |       |       |       ||     6
         Distracted        |       |       |       |       |       |       |       |     1 |       ||     1
 Armour: Robe              |    13 |       |       |       |       |       |       |       |       ||    13
         Ring mail         |     5 |    13 |       |       |       |       |       |       |       ||    18
         Pearl dragon scal |       |    28 |   282 |   314 |   117 |       |       |       |       ||   741
         Plate armour      |       |       |       |     9 |   795 |  1266 |   212 |       |       ||  2282
         Gold dragon scale |       |       |       |       |       |       |   963 |  1408 |   521 ||  2892
  Dodge: Dodged            |    56 |    50 |   262 |   362 |   815 |   704 |   369 |   281 |   108 ||  3007
  Block: Kite shield       |       |       |       |       |    59 |  1477 |  1457 |  3258 |  1486 ||  7737
         Buckler           |       |       |       |       |       |    32 |       |       |       ||    32
         Reflection        |       |       |       |       |       |    84 |       |       |       ||    84

Table legend: (Time is in decaauts)
 A = Elapsed time spent in this place.
 B = Non-inter-level travel time spent in this place.
 C = Inter-level travel time spent in this place.
 D = Time resting spent in this place.
 E = Time spent auto-exploring this place.
 F = Levels seen in this place.
 G = Mean time per level.
                   A        B        C        D        E       F      G
               +--------+--------+--------+--------+--------+-----+--------+
         Total |  61765 |  57594 |   4171 |   9766 |  27873 |  53 | 1165.4 |
       Dungeon |  15271 |  13639 |   1632 |   1729 |   8303 |  15 | 1018.1 |
        Temple |     39 |     26 |     13 |      0 |      0 |   1 |   39.0 |
          Lair |   7341 |   6857 |    484 |   1716 |   3551 |   5 | 1468.2 |
        Shoals |   4001 |   3850 |    151 |    853 |   1136 |   4 | 1000.2 |
     Snake Pit |   7900 |   7744 |    156 |   1688 |   3264 |   4 | 1975.0 |
  Orcish Mines |   2122 |   1768 |    354 |    356 |    587 |   2 | 1061.0 |
   Elven Halls |   3578 |   3297 |    281 |    321 |   1648 |   3 | 1192.7 |
        Vaults |   8214 |   7845 |    369 |   1368 |   3936 |   5 | 1642.8 |
        Depths |   5669 |   5098 |    571 |    314 |   2396 |   4 | 1417.2 |
           Zot |   5133 |   4977 |    156 |    250 |   2866 |   5 | 1026.6 |
        Bazaar |    277 |    277 |      0 |      0 |    114 |   2 |  138.5 |
         Trove |     46 |     46 |      0 |      0 |      0 |   1 |   46.0 |
        Bailey |    666 |    666 |      0 |    248 |      0 |   1 |  666.0 |
      Ice Cave |   1501 |   1501 |      0 |    922 |     70 |   1 | 1501.0 |
               +--------+--------+--------+--------+--------+-----+--------+

Top non-repeatable levels by time:
 Snake:4: 2437 daAuts
  Lair:3: 2212 daAuts
 Snake:3: 2116 daAuts
Vaults:5: 1924 daAuts
Depths:2: 1885 daAuts
 Snake:2: 1876 daAuts
Vaults:2: 1706 daAuts
  Lair:5: 1676 daAuts
Vaults:4: 1640 daAuts
Vaults:3: 1639 daAuts
    D:10: 1511 daAuts
   IceCv: 1501 daAuts
 Snake:1: 1469 daAuts
  Lair:1: 1431 daAuts
     D:8: 1415 daAuts
